 Dungeon Crawl Stone Soup version 0.32-a0-12-g7fc57aa741 (webtiles) character file.

Game seed: 6741763889496089895

2499 Bigguns186 the Basher (level 9, 0/79 HPs)
             Began as a Minotaur Fighter on Jan 15, 2024.
             Slain by Erica
             ... wielding a +4 scimitar of flaming
              (9 damage)
             ... on level 8 of the Dungeon.
             The game lasted 00:55:51 (5064 turns).

Bigguns186 the Basher (Minotaur Fighter)            Turns: 5064, Time: 00:55:57

Health: 0/79       AC: 10    Str: 28    XL:     9   Next: 28%
Magic:  8/8        EV:  8    Int:  4    God:
Gold:   405        SH:  5    Dex: 10    Spells: 8/8 levels left

rFire   x . .        D - +2 morningstar (freeze)
rCold   + . .        c - +0 buckler
rNeg    + . .        b - +0 scale mail
rPois   .            (helmet restricted)
rElec   .            l - +0 cloak
rCorr   .            s - +0 pair of gloves
SInv    .            (no boots)
Will    .....        w - amulet of regeneration Stlth
                     k - ring of positive energy
HPRegen 1.13/turn    d - ring of ice
MPRegen 0.11/turn

%: random rage (3%)
@: lethally poisoned (0 -> -18), slowed, constricted, very slow
A: horns 2, retaliatory headbutt, berserk 1, strong 1
a: no special abilities


You were on level 8 of the Dungeon.
You visited 1 branch of the dungeon, and saw 8 of its levels.

You collected 405 gold pieces.

Inventory:

Hand Weapons
 a - a +4 flail of electrocution
 t - a +1 halberd of flaming
 C - a +4 great sword
 D - a +2 morningstar of freezing (weapon)
Missiles
 u - a throwing net (quivered)
Armour
 b - a +0 scale mail (worn)
 c - a +0 buckler (worn)
 l - a +0 cloak (worn)
 s - a +0 pair of gloves (worn)
Magical Staves
 y - a staff of alchemy
Jewellery
 d - a ring of ice (right hand)
 k - a ring of positive energy (left hand)
 p - an amulet of reflection
 w - an amulet of regeneration (around neck)
Wands
 o - a wand of acid (14)
 B - a wand of flame (19)
Scrolls
 f - a scroll of fear
 g - a scroll of noise
 i - 2 scrolls of teleportation
 v - a scroll of brand weapon
 x - a scroll of immolation
Potions
 e - a potion of invisibility
 h - a potion of mutation
 j - a potion of heal wounds
 m - 3 potions of berserk rage
 n - a potion of cancellation {unknown}
 q - a potion of enlightenment
 r - 2 potions of ambrosia {unknown}
 z - 2 potions of haste {unknown}
 A - a potion of curing


   Skills:
 + Level 7.1 Fighting
 + Level 10.5 Maces & Flails
 + Level 7.6 Armour
 + Level 3.4 Dodging
 + Level 1.0 Stealth
 + Level 5.5 Shields


You had 8 spell levels left.
You didn't know any spells.
Your spell library contained the following spells:

 Spells                   Type           Power      Damage    Failure   Level
 Magic Dart               Conj           0%         1d3       78%         1
 Shock                    Conj/Air       0%         1d3       78%         1
 Blink                    Tloc           0%         N/A       89%         2
 Call Imp                 Summ           0%         N/A       89%         2
 Swiftness                Air            0%         N/A       98%         3
 Volatile Blastmotes      Fire/Tloc      0%         2d10      98%         3
 Airstrike                Air            0%         2d(0-16)  100%        4
 Fulminant Prism          Conj/Alch      0%         3d5       100%        4
 Iskenderun's Mystic Bla  Conj/Tloc      0%         2d3       100%        4
 Alistair's Intoxication  Alch           0%         N/A       100%        5
 Borgnjor's Vile Clutch   Necr/Erth      0%         N/A       100%        5
 Eringya's Noxious Bog    Alch           0%         4d6       100%        6


Dungeon Overview and Level Annotations

Branches:
Dungeon (8/15)             Temple (0/1) D:7
   Lair: D:8-11

Altars:
Nemelex Xobeh
Okawaru
Qazlal
Trog
Yredelemnul

Annotations:
D:8 Erica


Innate Abilities, Weirdness & Mutations

You have a pair of horns on your head.
You reflexively headbutt those who attack you in melee.
You sometimes lose your temper in combat.
Your muscles are strong. (Str +4, Int/Dex -1)


Message History

The bullfrog gives a loud, deep croak!
Erica stares at you and mumbles some strange words.
The bolt of poison hits you!
You are poisoned.
You see here a potion of enlightenment.
You feel very sick.
Erica stares at you and mumbles some strange words.
You feel yourself slow down.
You feel very sick. You block the bullfrog's attack. You block Erica's attack.
Erica closely misses you. The bullfrog hits you.
You see here a potion of enlightenment.
You closely miss Erica.
You feel very sick. The bullfrog closely misses you.
Erica screams, "You'll never get it!"
Erica closely misses you. Erica barely misses you.
The bullfrog closely misses you.
You puncture Erica! You freeze Erica. Your headbutt misses Erica.
Erica is moderately wounded.
You feel very sick. The bullfrog hits you. Erica casts a spell at you.
You feel as though you will be slow longer.
The bullfrog hits you but does no damage.
Erica hits you with a +4 scimitar of flaming!
Erica burns you. Erica grabs you. Erica constricts you.
You barely miss the bullfrog.
You feel sick. The bullfrog barely misses you.
The bullfrog hits you but does no damage.
Erica stares at you and mumbles some strange words.
The bolt of poison hits you!
You are more poisoned.
Erica constricts you.
* * * LOW HITPOINT WARNING * * *
The bullfrog hits you but does no damage.
Erica hits you with a +4 scimitar of flaming!
* * * LOW HITPOINT WARNING * * *
Erica burns you!
You die...
Erica begins burbling mirthfully and uncontrollably.

.... .##..
#...####..... .
#.....#......
..##............
.....#..............
..... #..........# ..
##...##.....Fx...#..#
#.......##...@......#
..........##.......##
...........#.......#
.............#.......
.............##....#.
...........### >..##
..........### ...#
....##.......##.....#
...###...##..... #...


You could see Erica and a bullfrog.

Vanquished Creatures
  A steam dragon (D:7)
  An ice beast (D:6)
  A black bear (D:4)
  2 ogres (D:6)
  3 orc warriors (D:7)
  A sky beast (D:7)
  A centaur (D:6)
  3 phantoms (D:5)
  A kobold brigand (D:7)
  3 scorpions
  4 wights (D:8)
  A howler monkey (D:5)
  3 jellies
  2 bombardier beetles
  2 hounds
  4 orc priests
  4 iguanas
  2 sleepcaps
  Natasha (thrice) (D:3)
  3 orc wizards
  6 gnolls (D:5)
  5 adders
  4 dart slugs
  18 orcs
  4 endoplasms
  3 giant cockroaches
  3 goblins
  5 hobgoblins
  4 jackals (D:3)
  4 quokkas
  4 ball pythons
  4 bats (D:1)
  A frilled lizard (D:2)
  7 kobolds
  8 rats
125 creatures vanquished.

Notes
Turn   | Place    | Note
-------+----------+-------------------------------------------
     0 | D:1      | Bigguns186 the Minotaur Fighter began the quest for the
                  | Orb.
     0 | D:1      | Reached XP level 1. HP: 19/19 MP: 0/0
   158 | D:1      | Reached XP level 2. HP: 27/27 MP: 1/1
   531 | D:1      | Reached XP level 3. HP: 33/33 MP: 2/2
   820 | D:2      | Gained mutation: Your muscles are strong. (Str +4, Int/Dex
                  | -1) [potion of mutation]
   820 | D:2      | Gained mutation: You sometimes lose your temper in combat.
                  | [potion of mutation]
  1089 | D:2      | Reached skill level 3 in Maces & Flails
  1215 | D:2      | You fall into a shaft and drop 1 floor!
  1248 | D:3      | Reached XP level 4. HP: 41/41 MP: 3/3
  1415 | D:3      | Noticed Natasha
  1422 | D:3      | Killed Natasha
  1522 | D:3      | Found a bloodstained altar of Trog.
  1531 | D:3      | Noticed Natasha
  1538 | D:3      | Killed Natasha
  1539 | D:3      | Reached skill level 4 in Maces & Flails
  1562 | D:3      | Noticed Natasha
  1570 | D:3      | Killed Natasha
  1571 | D:3      | Reached skill level 1 in Dodging
  1571 | D:3      | Reached XP level 5. HP: 31/47 MP: 4/4
  1966 | D:4      | Noticed a black bear
  1980 | D:4      | Killed a black bear
  1981 | D:4      | Reached skill level 5 in Armour
  2145 | D:4      | Reached skill level 5 in Maces & Flails
  2145 | D:4      | Reached XP level 6. HP: 55/55 MP: 5/5
  2347 | D:4      | Reached skill level 5 in Fighting
  2546 | D:5      | Entered Level 5 of the Dungeon
  2554 | D:5      | Found a basalt altar of Yredelemnul.
  2637 | D:5      | Found a glowing drain.
  2983 | D:5      | Reached skill level 6 in Maces & Flails
  2983 | D:5      | Reached XP level 7. HP: 54/61 MP: 6/6
  3202 | D:5      | Reached skill level 7 in Maces & Flails
  3562 | D:6      | Reached XP level 8. HP: 70/70 MP: 7/7
  3579 | D:6      | Reached skill level 8 in Maces & Flails
  3866 | D:6      | Reached skill level 5 in Shields
  4198 | D:6      | Found a sparkling altar of Nemelex Xobeh.
  4280 | D:7      | Reached skill level 9 in Maces & Flails
  4352 | D:7      | Found an iron altar of Okawaru.
  4726 | D:7      | Found a stormy altar of Qazlal.
  4761 | D:7      | Reached XP level 9. HP: 78/78 MP: 8/8
  4803 | D:7      | Reached skill level 10 in Maces & Flails
  4822 | D:7      | Found a staircase to the Ecumenical Temple.
  4865 | D:7      | Reached skill level 1 in Stealth
  5056 | D:8      | Noticed Erica
  5064 | D:8      | Slain by Erica

Illustrated notes

Levels and vault maps discovered:
D:1:      dpeg_arrival_round_c, layout_basic
D:2:      layout_rooms
D:3:      layout_loops_ring, bloody_trog, minivault_19, uniq_natasha
D:4:      layout_cave_pods
D:5:      layout_basic, mainiacjoe_overflow_boulevard,
          cheibrodos_sewer_entry_drain, grunt_decor_cap
D:6:      layout_rooms, nemelex_spade_bored_becter
D:7:      layout_layer_cave, okawaru_ov_weapons_minmay, grunt_qazlal_sundering,
          minmay_temple_entry_fiery
D:8:      layout_cave_pools, nicolae_overflow_crystal_walls, serial_shops, shop,
          uniq_erica

Skill      XL: |  1  2  3  4  5  6  7  8  9 |
---------------+----------------------------+-----
Armour         | 4 5 6 7 |  7.6
Shields        | 4 5 |  5.5
Fighting       | 4 5 6 7 |  7.1
Maces & Flails | 3 4 5 6 7 9 10 | 10.5
Dodging        | 1 2 3 |  3.4
Stealth        | 1 |  1.0

Action                     |  1- 3 |  4- 6 |  7- 9 || total
---------------------------+-------+-------+-------++-------
  Melee: Flail             |    80 |    58 |   126 ||   264
         Headbutt          |     9 |    13 |    19 ||    41
         Morningstar       |       |       |     3 ||     3
    Use: Scroll            |     5 |     7 |     5 ||    17
         Potion            |     2 |       |     2 ||     4
 Armour: Scale mail        |    84 |    37 |   109 ||   230
  Dodge: Dodged            |    59 |    34 |    65 ||   158
  Block: Buckler           |    24 |    13 |    30 ||    67

Table legend: (Time is in decaauts)
 A = Elapsed time spent in this place.
 B = Non-inter-level travel time spent in this place.
 C = Inter-level travel time spent in this place.
 D = Time resting spent in this place.
 E = Time spent auto-exploring this place.
 F = Levels seen in this place.
 G = Mean time per level.
                   A        B        C        D        E       F      G
               +--------+--------+--------+--------+--------+-----+--------+
         Total |   5172 |   4859 |    313 |    392 |      0 |   8 |  646.5 |
       Dungeon |   5172 |   4859 |    313 |    392 |      0 |   8 |  646.5 |
               +--------+--------+--------+--------+--------+-----+--------+

Top non-repeatable levels by time:
     D:5: 928 daAuts
     D:6: 833 daAuts
     D:1: 776 daAuts
     D:7: 767 daAuts
     D:3: 710 daAuts
     D:4: 641 daAuts
     D:2: 469 daAuts
     D:8: 46 daAuts
